AoeStats
← Minero

Arabia

507357889Analyzed
2v2 RM · 14d ago on Sep 17, 2026· 33m 52s· 4 players
Game mode
Random Map
Map size
Medium (4 player)
Population
200
Speed
Normal
Resources
Standard
Victory
Conquest
Starting age
Dark Age
Ending age
Imperial Age
RankedLock teamsTeams togetherTeam positionsShared explorationLock speedFull tech treeHidden civsTurbo modeCheats
Victory
Defeat
🇧🇷 Ethiopians · Brazil
1306
+15
🇧🇷 Lithuanians · Brazil
1288
+16
🇦🇷 Britons · Argentina
1294
-16
🇦🇷 Khitans · Argentina
1292
-15
AgusssMetall
6:04 Loom
9:13 Feudal Age
14:30 Double-Bit Axe
19:52 Castle Age
Coneishon
6:58 Loom
7:30 Loom
10:23 Feudal Age
19:56 Fletching
20:14 Padded Archer Armor
27:46 Castle Age
27:51 Crossbowman
29:53 Bodkin Arrow
Zantins
6:20 Loom
8:46 Feudal Age
11:05 Town Watch
11:26 Double-Bit Axe
11:21 Horse Collar
20:52 Castle Age
19:20 Fletching
19:30 Padded Archer Armor
19:42 Gold Mining
20:41 Bloodlines
21:45 Husbandry
21:50 Bodkin Arrow
22:40 Leather Archer Armor
24:23 Ballistics
27:22 Wheelbarrow
31:00 Thumb Ring
Minero
6:57 Loom
9:30 Feudal Age
10:07 Double-Bit Axe
16:24 Fletching
21:48 Wheelbarrow
24:49 Castle Age
23:21 Horse Collar
23:39 Gold Mining
24:00 Padded Archer Armor
25:24 Crossbowman
26:00 Bodkin Arrow
26:20 Leather Archer Armor
28:16 Bow Saw
32:09 Ballistics
Connection lost

Rejoining the realm…

Still unreachable

The connection could not be restored.

Session expired

The server has moved on; the page needs a fresh start.